 Dungeon Crawl Stone Soup version 0.23.2-1-ga50397a (webtiles) character file.

Game seed: 15919827198972110279

188 MalarOregon the Skirmisher (level 5, -1/46 HPs)
             Began as a Ghoul Warper on May 26, 2019.
             Slain by Grinder (6 damage)
             ... on level 3 of the Dungeon.
             The game lasted 00:04:12 (2870 turns).

MalarOregon the Skirmisher (Ghoul Warper)           Turns: 2870, Time: 00:04:13

Health: -1/46      AC: 14    Str: 12 (15) XL:     5   Next: 67%
Magic:  6/6        EV:  3    Int:  6 (9)  God:
Gold:   133        SH:  0    Dex:  6 (8)  Spells: 7/7 levels left

rFire    . . .     SeeInvis +   a - +3 falchion
rCold    + . .     Gourm    .   (no shield)
rNeg     + + +     Faith    .   b - +0 plate armour
rPois    ∞         Spirit   .   m - +0 helmet
rElec    .         Reflect  .   l - +0 cloak
rCorr    .         Harm     .   (no gloves)
MR       .....                  k - +1 pair of boots
Stlth    ..........             (no amulet)
HPRegen  0.00/turn              z - ring of see invisible
MPRegen  0.10/turn              (no ring)

@: rotting
A: rotting body, claws 1, carnivore, cold resistance 1, negative energy
resistance 3, inhibited regeneration, torment resistance, unbreathing
a: no special abilities


You were on level 3 of the Dungeon.
You were not hungry.

You visited 1 branch of the dungeon, and saw 3 of its levels.

You collected 133 gold pieces.

Inventory:

Hand Weapons
 a - a +3 falchion (weapon)
Missiles
 f - 4 tomahawks of dispersal (quivered) {!f}
Armour
 b - a +0 plate armour (worn)
   (You found it on level 1 of the Dungeon)
 k - a +1 pair of boots (worn)
   (You found it on level 1 of the Dungeon)
 l - a +0 cloak (worn)
   (You found it on level 2 of the Dungeon)
 m - a +0 helmet (worn)
   (You took it off Robin on level 2 of the Dungeon)
Jewellery
 z - a ring of see invisible (left claw)
   (You found it on level 2 of the Dungeon)
Scrolls
 d - 3 scrolls of blinking
Potions
 h - a potion of lignification {unknown}
 j - a potion of flight
 o - a potion of mutation {unknown}
Comestibles
 e - 7 rations {!d}


   Skills:
 + Level 4.0 Fighting
 + Level 3.3 Long Blades
 - Level 0.8 Throwing
 - Level 0.8 Armour
 + Level 3.2 Dodging
 - Level 1.7 Spellcasting
   Level 2.6 Translocations


You had 7 spell levels left.
You didn't know any spells.
Your spell library contained the following spells:

 Spells                   Type           Power        Failure   Level  Hunger
 Blink                    Tloc           N/A          100%        2    ###....
 Shroud of Golubria       Chrm/Tloc      #.........   100%        2    ###....
 Gell's Gravitas          Tloc           #.........   100%        3    ####...
 Lesser Beckoning         Tloc           #.........   100%        3    ####...
 Teleport Other           Tloc           #.......     100%        3    ####...
 Passage of Golubria      Tloc           N/A          100%        4    #####..


Dungeon Overview and Level Annotations

Branches:
Dungeon (3/15)

Altars:
Gozag
Okawaru
Qazlal
Vehumet
Xom

Annotations:
D:2 1 runed translucent door, Crazy Yiuf
D:3 Grinder


Innate Abilities, Weirdness & Mutations

Your body is rotting away.
You thrive on raw meat.
You are immune to poison.
You have sharp fingernails.
You are carnivorous and can eat meat at any time.
Your flesh is cold resistant. (rC+)
You are immune to negative energy. (rN+++)
You do not regenerate when monsters are visible.
You are immune to unholy pain and torment.
You can survive without breathing.


Message History

You closely miss Grinder. Grinder hits you but does no damage.
You completely miss Grinder. Grinder hits you. x2
* * * LOW HITPOINT WARNING * * *
You are too injured to fight recklessly!
You are too injured to fight recklessly!
You closely miss Grinder. Grinder hits you.
* * * LOW HITPOINT WARNING * * *
You closely miss Grinder. Grinder barely misses you.
You hit Grinder. Grinder hits you.
* * * LOW HITPOINT WARNING * * *
Grinder says, "Don't move a muscle."
Grinder gestures at you. You resist with significant effort.
Unknown command.
You aren't carrying any items that you can evoke.
Throwing (i - inventory)
f - 5 tomahawks of dispersal (quivered)
{!f}
Aim: Grinder (lightly wounded) Really fire
f - 5 tomahawks of dispersal {!f}?
You throw a tomahawk of dispersal {!f}.
The tomahawk of dispersal {!f} closely misses Grinder.
Drop what? 16/52 slots (_ for help) (? for menu, Esc to quit)
Okay, then.
As you read the scroll labeled ACWIEL KUBRUNO, it crumbles to dust.
It is a scroll of identify.
j - a potion of flight Grinder hits you.
* * * LOW HITPOINT WARNING * * *
As you read the scroll labeled TUCIAM CISHRIE, it crumbles to dust.
It is a scroll of enchant weapon.
Your +0 falchion glows red for a moment.
Grinder says, "There's only one good use for a tongue: cutting it out."
Grinder hits you but does no damage.
As you read the scroll labeled BAPPEU ZEPESTRYPRIA, it crumbles to dust.
It is a scroll of enchant armour.
Your +0 pair of boots glows green for a moment.
Grinder gestures at you. You resist with significant effort.
As you read the scroll of enchant weapon, it crumbles to dust.
Your +1 falchion glows red for a moment.
Grinder hits you but does no damage.
As you read the scroll of enchant weapon, it crumbles to dust.
Your +2 falchion glows red for a moment.
Grinder hits you.
* * * LOW HITPOINT WARNING * * *
Okay, then.
It was a potion of degeneration.
There was something very wrong with that liquid.
You feel weakened.
You feel dopey.
You feel clumsy. Grinder hits you.
You die...

### #### ##### #.. ...# #...# #.#
##.######...###################.#
........'........................
##.######...####5##########.....#
#.# #...# #@# #......# #.# #...#
#.# #......# #.# #...# #.#
#......# #.# #...# #.#
######......# #.# ##### #.#
#.........### #.# #.#
#.....(....# ##.#### #.#
#......._..## ......#
####+####.......8..)# ##.##.##
#......##......._...#


You could see Grinder.

Vanquished Creatures
  Jessica (D:3)
  Robin (D:2)
  7 adders
  An ooze (D:1)
  3 dart slugs
  4 leopard geckos
  3 giant cockroaches
  8 goblins
  12 hobgoblins
  9 jackals
  5 bats
  4 frilled lizards
  9 kobolds
  7 rats
74 creatures vanquished.

Notes
Turn   | Place    | Note
-------+----------+-------------------------------------------
     0 | D:1      | MalarOregon the Ghoul Warper began the quest for the Orb.
     0 | D:1      | Reached XP level 1. HP: 17/17 MP: 2/2
   165 | D:1      | Reached XP level 2. HP: 25/25 MP: 3/3
   826 | D:1      | Reached XP level 3. HP: 27/30 MP: 4/4
  1162 | D:1      | Reached skill level 3 in Fighting
  1312 | D:2      | Reached XP level 4. HP: 11/38 MP: 5/5
  1764 | D:2      | Noticed Robin
  1805 | D:2      | Killed Robin
  1926 | D:2      | Found a runed translucent door.
  1927 | D:2      | Noticed Crazy Yiuf
  1950 | D:2      | Found a faded altar of an unknown god.
  2143 | D:2      | Reached XP level 5. HP: 38/45 MP: 6/6
  2302 | D:3      | Found a stormy altar of Qazlal.
  2302 | D:3      | Found a radiant altar of Vehumet.
  2302 | D:3      | Noticed Jessica
  2318 | D:3      | Killed Jessica
  2354 | D:3      | Found an iron altar of Okawaru.
  2399 | D:3      | Found a shimmering altar of Xom.
  2466 | D:3      | Found an opulent altar of Gozag.
  2499 | D:3      | Reached skill level 4 in Fighting
  2827 | D:3      | Noticed Grinder
  2836 | D:3      | Paralysed by Grinder for 4 turns
  2847 | D:3      | Paralysed by Grinder for 4 turns
  2870 | D:3      | Slain by Grinder

Skill      XL: |  1  2  3  4  5 |
---------------+----------------+-----
Long Blades    | 2 3 |  3.3
Dodging        | 2 3 |  3.2
Fighting       | 3 4 |  4.0
Throwing       | |  0.8
Armour         | |  0.8
Spellcasting   | |  1.7
Translocations | |  2.6

Action                   |  1- 3 |  4- 6 || total
-------------------------+-------+-------++-------
Melee: Falchion          |   165 |   256 ||   421
Throw: Tomahawk          |       |     1 ||     1
  Use: Scroll            |       |     5 ||     5
       Potion            |       |     1 ||     1
  Eat: Chunk             |     5 |     8 ||    13
       Ration            |     1 |       ||     1
Armor: Leather armour    |    22 |       ||    22
       Plate armour      |   111 |   272 ||   383
Dodge: Dodged            |    77 |    72 ||   149
       Rpst.: Falchion   |    23 |    25 ||    48
